Map: Invader LE

Players

LiquidTLO (TLO) - Winner!

  • Race: Zerg Zerg
  • League: Grandmaster

llllllllllll

  • Race: Terran Terran
  • League: Grandmaster

VOD

Have the link to the VOD?

Description

Time

  • Played on: July 3, 2016, 12:06 p.m.
  • Length: 6:10
Show
View Real Time Build Order
Export as new Build Order

LiquidTLO Zerg - Winner!

Build Orders: Hatch First 

Get SALT Encoding   

  12  0:01  Drone  
  13  0:15  Overlord  
  13  0:21  Drone  
  14  0:33  Drone x2  
  17  0:42  Drone  
  17  0:53  Hatchery  
  17  0:57  Drone  
  17  0:59  Extractor  
  17  1:02  Drone  
  17  1:18  Spawning Pool  
  16  1:19  Drone  
  16  1:23  Drone  
  18  1:30  Drone  
  19  1:42  Overlord  
  19  1:52  Drone  
  20  2:04  Queen  
  20  2:05  Metabolic Boost, Zergling x2  
  23  2:09  Queen  
  25  2:21  Drone x3  
  28  2:24  Drone  
  29  2:31  Drone  
  29  2:35  Drone  
  30  2:38  Drone  
  30  2:40  Queen  
  33  2:48  Queen  
  35  2:53  Overlord  
  35  2:57  Overlord  
  35  3:00  Zergling x2  
  36  3:12  Zergling x4  
  38  3:13  Zergling x2  
  38  3:15  Zergling x4  
  41  3:22  Drone x2  
  43  3:30  Drone  
  43  3:36  Drone  
  43  3:38  Hatchery  
  43  3:39  Overlord  
  43  3:40  Drone x2  
  45  3:43  Drone  
  45  3:48  Drone  
  47  3:54  Drone  
  48  3:55  Drone  
  48  3:56  Drone  
  48  3:58  Drone  
  48  3:59  Drone  
  48  4:00  Drone  
  51  4:07  Extractor, Drone  
  51  4:08  Roach Warren, Extractor, Overlord  
  49  4:16  Queen x2  
  53  4:22  Drone x2  
  55  4:27  Drone  
  56  4:45  Drone  
  57  4:48  Roach  
  57  4:49  Roach x4  
  57  4:50  Overlord  
  57  4:51  Queen  
  57  4:52  Overlord  
  69  4:59  Zergling x4  
  71  5:05  Overlord, Roach  
  73  5:07  Overlord  
  73  5:09  Extractor  
  73  5:10  Overlord  
  72  5:17  Ravager x4  
  76  5:21  Zergling x2  
  76  5:22  Zergling x10  
  76  5:25  Zergling x2  
  76  5:27  Zergling x2  
  84  5:29  Spore Crawler  
  84  5:30  Zergling x2  
  84  5:31  Ravager  
  84  5:33  Zergling x2  
  86  5:35  Zergling x2  
  86  5:39  Roach  
  86  5:40  Zergling x2  
  90  5:45  Roach x2  
  90  5:46  Roach x3  
  100  5:51  Roach  
Show
View Real Time Build Order
Export as new Build Order

llllllllllll Terran 

Build Orders: Reaper Expand 

Get SALT Encoding   

  12  0:01  SCV  
  13  0:13  SCV  
  14  0:17  Supply Depot  
  14  0:25  SCV  
  15  0:39  SCV  
  15  0:42  Barracks  
  16  0:44  Refinery  
  16  0:51  SCV  
  17  1:03  SCV  
  18  1:15  SCV  
  19  1:30  Reaper, Orbital Command  
  20  1:42  Command Center  
  20  1:52  Supply Depot  
  20  1:55  SCV  
  21  2:02  Marine  
  21  2:07  SCV  
  23  2:10  Factory  
  23  2:17  Refinery  
  23  2:19  SCV  
  23  2:21  Barracks Reactor  
  24  2:32  SCV  
  25  2:44  SCV  
  26  2:55  Orbital Command  
  26  2:56  Starport, SCV  
  27  3:03  Hellion x2  
  31  3:08  SCV  
  31  3:10  Barracks Tech Lab  
  32  3:14  Barracks  
  32  3:20  SCV  
  32  3:21  SCV  
  34  3:28  Hellion  
  34  3:32  SCV  
  34  3:33  SCV  
  38  3:39  Medivac  
  38  3:40  Marine, Stimpack  
  40  3:44  SCV  
  40  3:45  SCV  
  40  3:47  Hellion  
  43  3:55  Hellion  
  45  3:56  SCV  
  45  3:59  SCV  
  43  4:07  Barracks Reactor  
  43  4:08  SCV  
  44  4:10  Supply Depot  
  44  4:11  SCV  
  44  4:15  Hellion  
  46  4:18  Armory  
  46  4:24  Supply Depot  
  46  4:30  Supply Depot  
  46  4:32  Medivac, Marauder, SCV x2  
  46  4:38  Supply Depot  
  52  4:40  Hellion  
  54  4:45  Marine x2  
  54  4:46  Hellion, SCV  
  54  4:49  SCV  
  60  4:55  Marauder  
  60  4:58  SCV  
  63  5:01  SCV  
  63  5:03  Marine x2  
  63  5:04  Supply Depot, Medivac  
  63  5:06  Hellion  
  70  5:10  SCV  
  71  5:14  SCV  
  71  5:19  Command Center  
  71  5:20  Marine  
  73  5:21  Marine  
  73  5:26  Engineering Bay  
  74  5:31  SCV  
  74  5:34  Barracks  
  75  5:37  Starport Reactor, SCV  
  75  5:39  Marine  
  75  5:40  Barracks  
  77  5:43  SCV  
  77  5:49  Supply Depot, Marine, SCV  
Tags
 
Add a new tag
Caveats
  • Supply blocks, unpowered buildings, or Contaminate may cause inaccurate times.
  • Supply counts are checked every 10 seconds.